 Dungeon Crawl Stone Soup version 0.27.1-1-g398f81649c (webtiles) character file.

Game seed: 11828730600677859925

545 funkygono the Firebug (level 7, -2/36 HPs)
             Began as a Gargoyle Fire Elementalist on Sept 18, 2021.
             Was an Initiate of Vehumet.
             Slain by a water moccasin (5 damage)
             ... on level 4 of the Dungeon.
             The game lasted 00:12:11 (4704 turns).

funkygono the Firebug (Gargoyle Fire Elementalist)  Turns: 4704, Time: 00:12:12

Health: -2/36      AC:  8    Str: 12    XL:     7   Next: 27%
Magic:  10/13      EV: 12    Int: 23    God:    Vehumet [......]
Gold:   195        SH:  0    Dex: 10    Spells: 0/14 levels left

rFire    + . .     SeeInvis .   n - +0 whip
rCold    x . .     Faith    .   (no shield)
rNeg     + . .     Spirit   .   a - +0 robe
rPois    ∞         Reflect  .   d - +0 helmet
rElec    +         Harm     .   (no cloak)
rCorr    .         Rampage  .   (no gloves)
Will     .....                  f - +0 pair of boots
Stlth    ++........             (no amulet)
HPRegen  0.12/turn              i - ring of fire
MPRegen  0.13/turn              l - +6 ring of intelligence

@: mighty
A: sickness immunity, AC +4, negative energy resistance 1, electricity
resistance, torment resistance 1, petrification resistance
a: Renounce Religion


You were on level 4 of the Dungeon.
You worshipped Vehumet.
Vehumet was noncommittal.
You visited 2 branches of the dungeon, and saw 6 of its levels.

You collected 195 gold pieces.

Inventory:

Hand Weapons
 c - a +0 flail
 n - a +0 whip (weapon)
Missiles
 h - 44 stones
 m - 2 throwing nets
Armour
 a - a +0 robe (worn)
 d - a +0 helmet (worn)
 f - a +0 pair of boots (worn)
Jewellery
 e - a ring of flight
 i - a ring of fire (left hand)
 l - a +6 ring of intelligence (right hand)
Wands
 o - a wand of flame (13)
Scrolls
 j - a scroll of teleportation
 k - 5 scrolls of identify
 q - a scroll of blinking {unknown}
Potions
 b - a potion of might
 p - a potion of flight


   Skills:
 + Level 0.1 Fighting
 + Level 0.4 Maces & Flails
 + Level 1.7 Dodging
 - Level 2.1 Stealth
 * Level 4.2 Spellcasting
 * Level 4.3 Conjurations
 * Level 5.1 Fire Magic
 * Level 1.6 Earth Magic


You couldn't memorise any spells.
You knew the following spells:

 Your Spells              Type           Power      Damage    Failure   Level
a - Foxfire               Conj/Fire      100%       2x1d9     1%          1
b - Conjure Flame         Conj/Fire      40%        6-21      4%          3
c - Sticky Flame          Conj/Fire      40%        2d6       14%         4
d - Fireball              Conj/Fire      20%        3d10      36%         5
h - Sandblast             Erth           24%        2d8       5%          1

Your spell library contained the following spells:

 Spells                   Type           Power      Damage    Failure   Level
 Passwall                 Tmut/Erth      6%         N/A       11%         2
 Inner Flame              Hex/Fire       25%        N/A       11%         3
 Lee's Rapid Deconstruct  Erth           6%         3d7*      82%         5


Dungeon Overview and Level Annotations

Branches:
Dungeon (5/15)             Temple (1/1) D:4

Altars:
Ashenzari
Cheibriados
Dithmenos
Elyvilon
Fedhas
Gozag
Hepliaklqana
Kikubaaqudgha
Okawaru
Qazlal
Ru
Trog
Vehumet
Wu Jian
Yredelemnul
Zin
The Shining One

Shops:
D:5 *


Innate Abilities, Weirdness & Mutations

You are immune to sickness and miasma.
Your stone body is resilient. (AC +4)
You are immune to poison.
You resist negative energy. (rN+)
You are resistant to electric shocks. (rElec)
You are resistant to unholy torment.
You are immune to petrification.


Message History

The water moccasin bites you. The water moccasin closely misses you.
Okay, then.
You feel very mighty all of a sudden. The water moccasin misses you.
The water moccasin bites you.
* * * LOW HITPOINT WARNING * * *
Unknown command.
You closely miss the water moccasin.
The water moccasin is moderately wounded.
The water moccasin misses you.
The water moccasin barely misses you. x2
The water moccasin bites you!
* * * LOW HITPOINT WARNING * * *
You feel better. The water moccasin barely misses you.
The water moccasin bites you but does no damage.
You hit the water moccasin.
The water moccasin is heavily wounded.
The water moccasin bites you.
* * * LOW HITPOINT WARNING * * *
The water moccasin completely misses you.
The water moccasin barely misses you. The water moccasin bites you.
* * * LOW HITPOINT WARNING * * *
You closely miss the water moccasin.
The water moccasin is heavily wounded.
The water moccasin bites you.
* * * LOW HITPOINT WARNING * * *
The water moccasin bites you but does no damage.
Okay, then.
Casting: Foxfire (safe; 1% risk of failure)
Confirm with . or Enter, or press ? or * to list all spells.
You don't know that spell.
Unknown command.
Casting: Foxfire (safe; 1% risk of failure)
Confirm with . or Enter, or press ? or * to list all spells.
Aiming: Sandblast (safe; 5% risk of failure)
Press: ? - help, Shift-Dir - straight line, f - water moccasin
Aim: a water moccasin (heavily wounded, 66% to hit)
The blast of sand hits the water moccasin.
The water moccasin is severely wounded.
h - 44 stones The water moccasin closely misses you. x2; The water moccasin bites you.
You die...

#8..8###########[.......<........
......# ########..........
#..#..# #.......... #.)#..#
#..######.. ....<.# #..# ###..
......# #..# ##.... #.##### #..#
#..... #.# ########..# #§≈≈§≈ #.#
#@S.......###.≈... #.##
#S#######.##..≈.≈≈ ...# ####S#
#.....≈.≈. .#.# #....# ##....≈.≈.
...# ########.#..##### #..#.≈.≈.
######...............# #..#.§.≈≈
#####..##.##.#..##.#.# #...§≈...
..>..........#.....#.# ##..§≈§≈≈
####...##.#....##....# #.#.....


You could see 3 water moccasins.

Vanquished Creatures
  A sky beast (D:3)
  A black bear (D:4)
  A jelly (D:3)
  A bullfrog zombie (D:5)
  2 orc priests
  An iguana (D:4)
  2 orc wizards (D:2)
  7 gnolls
  2 adders
  2 ufetubi (D:4)
  2 dart slugs
  8 orcs
  2 endoplasms
  3 giant cockroaches
  7 goblins
  5 hobgoblins
  2 quokkas
  7 ball pythons
  5 bats
  3 kobolds
  7 rats
71 creatures vanquished.

Vanquished Creatures (others)
  244 foxfires
244 creatures vanquished.

Grand Total: 315 creatures vanquished

Notes
Turn   | Place    | Note
-------+----------+-------------------------------------------
     0 | D:1      | funkygono the Gargoyle Fire Elementalist began the quest
                  | for the Orb.
     0 | D:1      | Reached XP level 1. HP: 10/10 MP: 3/3
   206 | D:1      | Found a faded altar of an unknown god.
   359 | D:1      | Reached XP level 2. HP: 15/15 MP: 1/5
  1145 | D:2      | Reached XP level 3. HP: 9/19 MP: 0/6
  1507 | D:2      | Reached skill level 4 in Fire Magic
  1507 | D:2      | Reached XP level 4. HP: 17/24 MP: 2/8
  2288 | D:2      | Reached XP level 5. HP: 28/28 MP: 0/9
  2292 | D:2      | Learned a level 3 spell: Conjure Flame
  2297 | D:2      | Learned a level 4 spell: Sticky Flame
  3109 | D:3      | Found an opulent altar of Gozag.
  3111 | D:3      | Found an ancient bone altar of Kikubaaqudgha.
  3153 | D:3      | Learned a level 1 spell: Sandblast
  3171 | D:3      | Found a broken altar of Ashenzari.
  3451 | D:4      | Noticed a sky beast
  3479 | D:3      | Killed a sky beast
  3480 | D:3      | Reached XP level 6. HP: 16/32 MP: 0/11
  3666 | D:4      | Found a glowing golden altar of the Shining One.
  3677 | D:4      | Noticed a black bear
  3682 | D:4      | Killed a black bear
  3683 | D:4      | Reached skill level 1 in Earth Magic
  3723 | D:4      | Found a staircase to the Ecumenical Temple.
  3741 | Temple   | Entered the Ecumenical Temple
  3806 | Temple   | Became a worshipper of Vehumet
  3915 | D:4      | Found a bloodstained altar of Trog.
  3951 | D:4      | Reached XP level 7. HP: 36/36 MP: 7/13
  3997 | D:4      | Found a basalt altar of Yredelemnul.
  4002 | D:4      | Found an iron altar of Okawaru.
  4327 | D:4      | Reached skill level 5 in Fire Magic
  4423 | D:4      | Learned a level 5 spell: Fireball
  4561 | D:5      | Entered Level 5 of the Dungeon
  4685 | D:5      | Found Riweym's Serpentskin Sales.
  4704 | D:4      | Slain by a water moccasin

Illustrated notes

Levels and vault maps discovered:
D:1:      lightli_arrival_statuegarden, layout_basic,
          ebering_ecumenical_altar_sacrificial
D:2:      layout_basic, serial_bayou_pond_a
D:3:      layout_loops_corners, mainiacjoe_overflow_catwalk_spiral,
          nicolae_ashenzari_skybound, hangedman_abyss_or_decor_stabs
D:4:      layout_loops_ring, minitemple,
          mainiacjoe_overflow_concentric_impassable, minmay_temple_entry_ruins
D:5:      cheibrodos_quashed, layout_rooms, guppyfry_shop_venom
Temple:   eino_temple_lava

Skill      XL: |  1  2  3  4  5  6  7 |
---------------+----------------------+-----
Conjurations   | 2 3 4 |  4.3
Fire Magic     | 4 5 |  5.1
Spellcasting   | 3 4 |  4.2
Earth Magic    | 1 |  1.6
Fighting       | |  0.1
Maces & Flails | |  0.4
Dodging        | |  1.7
Stealth        | |  2.1

Action                   |  1- 3 |  4- 6 |  7- 9 || total
-------------------------+-------+-------+-------++-------
Melee: Club              |     5 |       |       ||     5
       Unarmed           |     1 |       |       ||     1
       Whip              |       |     9 |     4 ||    13
 Cast: Foxfire           |    48 |    72 |    23 ||   143
       Sandblast         |       |     8 |     4 ||    12
  Use: Scroll            |     2 |     5 |     2 ||     9
       Potion            |       |       |     2 ||     2
Armor: Robe              |     4 |    12 |     9 ||    25
Dodge: Dodged            |    13 |    15 |    16 ||    44
